| TOP OF THE 1ST |
|
Frisco RoughRiders batting - Pitching for Erie SeaWolves : RHP Dan Keener
|
|
Pitching: RHP Dan Keener
|
|
|
Batting: RHB John Michener
|
0-0: Ground out 5-3 (Groundball, 56S, EV 68.1 MPH)
|
|
Batting: LHB Jody Hudson
|
0-0: Ball 1-0: Called Strike 1-1: Ball 2-1: Bunt missed! 2-2: Fly out, F8 (Flyball, 78D, EV 104.4 MPH)
|
|
Batting: RHB Chance Lamb
|
0-0: Ball 1-0: Foul Ball, location: 2F 1-1: Ball 2-1: Ground out 6-3 (Groundball, 6S, EV 83.8 MPH)
|
| Top of the 1st over - 0 runs, 0 hits, 0 errors, 0 left on base; Frisco 0 - Erie 0 |
| BOTTOM OF THE 1ST |
|
Erie SeaWolves batting - Pitching for Frisco RoughRiders : RHP Prince Gibson
|
|
Pitching: RHP Prince Gibson
|
|
|
Batting: LHB Nick Nino
|
0-0: Foul Ball, location: 2F 0-1: Ground out 6-3 (Groundball, 6, EV 83.1 MPH)
|
|
Batting: RHB Norm Wood
|
0-0: Ball 1-0: Ball 2-0: Called Strike 2-1: Ground out 3-1 (Groundball, 34S, EV 91.9 MPH)
|
|
Batting: LHB Jon Frederick
|
0-0: Called Strike 0-1: Ball 1-1: Ball 2-1: Called Strike 2-2: Strikes out swinging
|
| Bottom of the 1st over - 0 runs, 0 hits, 0 errors, 0 left on base; Frisco 0 - Erie 0 |
| TOP OF THE 2ND |
|
Frisco RoughRiders batting - Pitching for Erie SeaWolves : RHP Dan Keener
|
|
Batting: LHB Jim Pankratz
|
0-0: Ball 1-0: Called Strike 1-1: Ball 2-1: Foul Ball, location: 2F 2-2: Strikes out swinging
|
|
Batting: RHB Jason Ostrom
|
0-0: Ball 1-0: Ground out U3 (Groundball, 3L, EV 83.1 MPH)
|
|
Batting: RHB Sergio Godinez
|
0-0: Ball 1-0: Fly out, F4 (Line Drive, 4, EV 70.0 MPH)
|
| Top of the 2nd over - 0 runs, 0 hits, 0 errors, 0 left on base; Frisco 0 - Erie 0 |
| BOTTOM OF THE 2ND |
|
Erie SeaWolves batting - Pitching for Frisco RoughRiders : RHP Prince Gibson
|
|
Batting: LHB Afanasy Zasekin
|
0-0: Ball 1-0: Swinging Strike 1-1: Ball 2-1: Swinging Strike 2-2: Fly out, F7 (Flyball, 7, EV 88.8 MPH)
|
|
Batting: RHB Joel Miller
|
0-0: Called Strike 0-1: Ball 1-1: Fly out, F9 (Line Drive, 9, EV 86.9 MPH)
|
|
Batting: RHB German Quiroga
|
0-0: Ball 1-0: Ball 2-0: Ground out 4-3 (Groundball, 4, EV 87.5 MPH)
|
| Bottom of the 2nd over - 0 runs, 0 hits, 0 errors, 0 left on base; Frisco 0 - Erie 0 |
| TOP OF THE 3RD |
|
Frisco RoughRiders batting - Pitching for Erie SeaWolves : RHP Dan Keener
|
|
Batting: RHB Matt Sanders
|
0-0: Foul Ball, location: 2F 0-1: SOLO HOME RUN (Flyball, 7D, EV 96.9 MPH), Distance : 392 ft
|
|
Batting: RHB Joe Kemp
|
0-0: Ball 1-0: Ball 2-0: Foul Ball, location: 2F 2-1: SINGLE (Groundball, 6MD, EV 98.8 MPH)
|
|
Batting: RHB Luis Arce
|
0-0: Called Strike 0-1: Ball Joe Kemp steals 2nd base (no throw) 1-1: Ball 2-1: Ball Joe Kemp steals 3rd base 3-1: Called Strike 3-2: Strikes out looking
|
|
Batting: RHB John Michener
|
0-0: Ball 1-0: Ball 2-0: Swinging Strike 2-1: Swinging Strike 2-2: Strikes out swinging
|
|
Batting: LHB Jody Hudson
|
0-0: Ball 1-0: Swinging Strike 1-1: Foul Ball, location: 2F 1-2: Ball 2-2: Ball 3-2: Foul Ball, location: 2F 3-2: Base on Balls
|
|
Batting: RHB Chance Lamb
|
0-0: Ball 1-0: Ball 2-0: Foul Ball, location: 2F 2-1: Ball 3-1: Foul Ball, location: 2F 3-2: Base on Balls Jody Hudson to second
|
|
Batting: LHB Jim Pankratz
|
0-0: Ball 1-0: Ball 2-0: SINGLE (Line Drive, 6MD, EV 96.2 MPH) Joe Kemp scores Jody Hudson to third Chance Lamb to second Runner from 3rd tries for Home, SAFE, throw by CF to home
|
|
Batting: RHB Jason Ostrom
|
0-0: 3-RUN HOME RUN (Flyball, 7D, EV 96.2 MPH), Distance : 387 ft
|
|
Batting: RHB Sergio Godinez
|
0-0: Ball 1-0: Ball 2-0: Called Strike 2-1: Swinging Strike 2-2: Foul Ball, location: 2F 2-2: Ball 3-2: Foul Ball, location: 2F 3-2: Strikes out looking
|
| Top of the 3rd over - 6 runs, 4 hits, 0 errors, 0 left on base; Frisco 6 - Erie 0 |
| BOTTOM OF THE 3RD |
|
Erie SeaWolves batting - Pitching for Frisco RoughRiders : RHP Prince Gibson
|
|
Batting: LHB George Moran
|
0-0: Called Strike 0-1: SINGLE (Groundball, 3D, EV 95.6 MPH)
|
|
Batting: RHB Jaden Warrior
|
0-0: Called Strike 0-1: Ball 1-1: Ball 2-1: Foul Ball, location: 2F 2-2: Ball 3-2: Base on Balls George Moran to second
|
|
Batting: RHB Tanner Purchase
|
0-0: Called Strike 0-1: Swinging Strike 0-2: Foul Ball, location: 2F 0-2: Strikes out swinging
|
|
Batting: LHB Nick Nino
|
0-0: Called Strike 0-1: Swinging Strike 0-2: Ground out 4-3 (Groundball, 4S, EV 69.4 MPH) George Moran to third Jaden Warrior to second
|
|
Batting: RHB Norm Wood
|
0-0: Ball 1-0: Called Strike 1-1: Foul Ball, location: 2F 1-2: SINGLE (Groundball, 25, EV 70.0 MPH) (infield hit) George Moran scores Jaden Warrior to third
|
|
Batting: LHB Jon Frederick
|
0-0: Called Strike 0-1: Called Strike 0-2: Foul Ball, location: 2F 0-2: Fly out, F7 (Flyball, 78M, EV 91.2 MPH)
|
| Bottom of the 3rd over - 1 run, 2 hits, 0 errors, 2 left on base; Frisco 6 - Erie 1 |
| TOP OF THE 4TH |
|
Frisco RoughRiders batting - Pitching for Erie SeaWolves : RHP Dan Keener
|
|
Pitching: RHP Jared Barger
|
|
|
Batting: RHB Matt Sanders
|
0-0: Foul Ball, location: 2F 0-1: Swinging Strike 0-2: Ball 1-2: Foul Ball, location: 2F 1-2: Ball 2-2: Ball 3-2: Strikes out swinging
|
|
Batting: RHB Joe Kemp
|
0-0: Ball 1-0: Called Strike 1-1: Foul Ball, location: 2F 1-2: Strikes out looking
|
|
Batting: RHB Luis Arce
|
0-0: Called Strike 0-1: Called Strike 0-2: Foul Ball, location: 2F 0-2: Foul Ball, location: 2F 0-2: Ball 1-2: Foul Ball, location: 2F 1-2: Ball 2-2: Foul Ball, location: 2F 2-2: Strikes out swinging
|
| Top of the 4th over - 0 runs, 0 hits, 0 errors, 0 left on base; Frisco 6 - Erie 1 |
| BOTTOM OF THE 4TH |
|
Erie SeaWolves batting - Pitching for Frisco RoughRiders : RHP Prince Gibson
|
|
Batting: LHB Afanasy Zasekin
|
0-0: Foul Ball, location: 2F 0-1: Foul Ball, location: 2F 0-2: Fly out, F7 (Line Drive, 7, EV 93.1 MPH)
|
|
Batting: RHB Joel Miller
|
0-0: Ball 1-0: Called Strike 1-1: Ball 2-1: Ball 3-1: Base on Balls
|
|
Batting: RHB German Quiroga
|
0-0: Ball 1-0: Swinging Strike 1-1: Ball 2-1: SINGLE (Groundball, 4MD, EV 96.2 MPH) Joel Miller to second
|
|
Batting: LHB George Moran
|
0-0: Swinging Strike 0-1: Fielders Choice at 2nd, 3-6 (Groundball, 34S, EV 83.1 MPH) Joel Miller to third
|
|
Batting: RHB Jaden Warrior
|
0-0: Fly out, F3 (Flyball, 3D, EV 89.4 MPH)
|
| Bottom of the 4th over - 0 runs, 1 hit, 0 errors, 2 left on base; Frisco 6 - Erie 1 |
| TOP OF THE 5TH |
|
Frisco RoughRiders batting - Pitching for Erie SeaWolves : RHP Jared Barger
|
|
Batting: RHB John Michener
|
0-0: Ball 1-0: Foul Ball, location: 2F 1-1: Swinging Strike 1-2: Ground out 4-3 (Groundball, 4MD, EV 84.4 MPH)
|
|
Batting: LHB Jody Hudson
|
0-0: Ball 1-0: SOLO HOME RUN (Flyball, 7D, EV 101.2 MPH), Distance : 376 ft
|
|
Batting: RHB Chance Lamb
|
0-0: Ball 1-0: Ball 2-0: Ball 3-0: Called Strike 3-1: Ground out 6-3 (Groundball, 6S, EV 86.2 MPH)
|
|
Batting: LHB Jim Pankratz
|
0-0: Ball 1-0: Ball 2-0: Called Strike 2-1: Ball 3-1: SINGLE (Groundball, 34D, EV 103.1 MPH)
|
|
Batting: RHB Jason Ostrom
|
0-0: Swinging Strike Jim Pankratz is caught stealing 2nd base 2-4
|
| Top of the 5th over - 1 run, 2 hits, 0 errors, 0 left on base; Frisco 7 - Erie 1 |
| BOTTOM OF THE 5TH |
|
Erie SeaWolves batting - Pitching for Frisco RoughRiders : RHP Prince Gibson
|
|
Batting: RHB Tanner Purchase
|
0-0: Called Strike 0-1: Swinging Strike 0-2: Ball 1-2: Ball 2-2: Ground out 6-3 (Groundball, 6, EV 87.5 MPH)
|
|
Batting: LHB Nick Nino
|
0-0: SINGLE (Line Drive, 6M, EV 103.1 MPH)
|
|
Batting: RHB Norm Wood
|
0-0: Ball Nick Nino is caught stealing 2nd base 2-4 1-0: Called Strike 1-1: Ground out 5-3 (Groundball, 56S, EV 83.1 MPH)
|
| Bottom of the 5th over - 0 runs, 1 hit, 0 errors, 0 left on base; Frisco 7 - Erie 1 |
| TOP OF THE 6TH |
|
Frisco RoughRiders batting - Pitching for Erie SeaWolves : RHP Jared Barger
|
|
Batting: RHB Jason Ostrom
|
0-0: Ball 1-0: Ball 2-0: Foul Ball, location: 2F 2-1: Ball 3-1: Swinging Strike 3-2: Fly out, F9 (Flyball, 89D, EV 80.6 MPH)
|
|
Batting: RHB Sergio Godinez
|
0-0: Swinging Strike 0-1: Swinging Strike 0-2: Foul Ball, location: 2F 0-2: Ball 1-2: Strikes out swinging
|
|
Batting: RHB Matt Sanders
|
0-0: Swinging Strike 0-1: Ball 1-1: Ball 2-1: Foul Ball, location: 2F 2-2: Foul Ball, location: 2F 2-2: Strikes out looking
|
| Top of the 6th over - 0 runs, 0 hits, 0 errors, 0 left on base; Frisco 7 - Erie 1 |
| BOTTOM OF THE 6TH |
|
Erie SeaWolves batting - Pitching for Frisco RoughRiders : RHP Prince Gibson
|
|
Batting: LHB Jon Frederick
|
0-0: Ball 1-0: Ball 2-0: Foul Ball, location: 2F 2-1: SINGLE (Flyball, 4MD, EV 97.5 MPH)
|
|
Batting: LHB Afanasy Zasekin
|
0-0: Ball 1-0: Called Strike 1-1: Ball 2-1: Ball 3-1: Base on Balls Jon Frederick to second
|
|
Batting: RHB Joel Miller
|
0-0: Swinging Strike 0-1: Swinging Strike 0-2: Ball 1-2: Ball 2-2: Strikes out swinging
|
|
Batting: RHB German Quiroga
|
0-0: Called Strike 0-1: Ball 1-1: Ball Balk! Jon Frederick to third Afanasy Zasekin to second 2-1: Ball 3-1: Called Strike 3-2: Strikes out swinging
|
|
Batting: LHB George Moran
|
0-0: Fly out, F8 (Flyball, 8LD, EV 100.6 MPH)
|
| Bottom of the 6th over - 0 runs, 1 hit, 0 errors, 2 left on base; Frisco 7 - Erie 1 |
| TOP OF THE 7TH |
|
Frisco RoughRiders batting - Pitching for Erie SeaWolves : RHP Jared Barger
|
|
Pitching: RHP Rick Young
|
|
|
Batting: RHB Joe Kemp
|
0-0: Called Strike 0-1: Ball 1-1: Swinging Strike 1-2: Strikes out looking
|
|
Batting: RHB Luis Arce
|
0-0: Ball 1-0: Ball 2-0: Ball 3-0: Base on Balls
|
|
Batting: RHB John Michener
|
0-0: Ball 1-0: Ball Luis Arce steals 2nd base 2-0: Ball 3-0: Called Strike 3-1: Base on Balls
|
|
Batting: LHB Jody Hudson
|
0-0: Ball 1-0: Ball 2-0: Ball 3-0: Base on Balls Luis Arce to third John Michener to second
|
|
Batting: RHB Chance Lamb
|
0-0: Ball 1-0: Foul Ball, location: 2F 1-1: Swinging Strike 1-2: Ball 2-2: Ball 3-2: Foul Ball, location: 2F 3-2: Base on Balls Luis Arce scores John Michener to third Jody Hudson to second
|
|
Batting: LHB Jim Pankratz
|
0-0: Called Strike 0-1: Ball 1-1: Ball 2-1: Swinging Strike 2-2: Foul Ball, location: 2F 2-2: Strikes out swinging
|
|
Batting: RHB Jason Ostrom
|
0-0: Called Strike 0-1: Ball 1-1: Fly out, F6 (Line Drive, 6M, EV 70.6 MPH)
|
| Top of the 7th over - 1 run, 0 hits, 0 errors, 3 left on base; Frisco 8 - Erie 1 |
| BOTTOM OF THE 7TH |
|
Erie SeaWolves batting - Pitching for Frisco RoughRiders : RHP Prince Gibson
|
|
Pinch Hitting: RHB Jamie Villagrana
|
0-0: Ball 1-0: Foul Ball, location: 2F 1-1: Foul Ball, location: 2F 1-2: Strikes out looking
|
|
Batting: RHB Tanner Purchase
|
0-0: Ball 1-0: Called Strike 1-1: Fly out, F9 (Flyball, 9LD, EV 100.0 MPH)
|
|
Batting: LHB Nick Nino
|
0-0: Called Strike 0-1: Ball 1-1: Ball 2-1: Ball 3-1: Ground out 4-3 (Groundball, 4S, EV 88.1 MPH)
|
| Bottom of the 7th over - 0 runs, 0 hits, 0 errors, 0 left on base; Frisco 8 - Erie 1 |
| TOP OF THE 8TH |
|
Frisco RoughRiders batting - Pitching for Erie SeaWolves : RHP Rick Young
|
|
Now at 1B: Antonio Luis
|
|
|
Batting: RHB Sergio Godinez
|
0-0: Ball 1-0: Called Strike 1-1: Called Strike 1-2: Ground out U3 (Groundball, 23, EV 93.1 MPH)
|
|
Batting: RHB Matt Sanders
|
0-0: Ball 1-0: Swinging Strike 1-1: Ball 2-1: Ground out 6-3 (Groundball, 6, EV 80.0 MPH)
|
|
Batting: RHB Joe Kemp
|
0-0: Swinging Strike 0-1: Swinging Strike 0-2: Strikes out swinging
|
| Top of the 8th over - 0 runs, 0 hits, 0 errors, 0 left on base; Frisco 8 - Erie 1 |
| BOTTOM OF THE 8TH |
|
Erie SeaWolves batting - Pitching for Frisco RoughRiders : RHP Prince Gibson
|
|
Batting: RHB Norm Wood
|
0-0: Ground out 5-3 (Groundball, 56, EV 104.4 MPH)
|
|
Batting: LHB Jon Frederick
|
0-0: Ball 1-0: Ball 2-0: Ball 3-0: Called Strike 3-1: Fly out, F4 (Line Drive, 4, EV 67.5 MPH)
|
|
Batting: LHB Afanasy Zasekin
|
0-0: Ball 1-0: Called Strike 1-1: Called Strike 1-2: Foul Ball, location: 2F 1-2: Ball 2-2: Ball 3-2: Strikes out swinging
|
| Bottom of the 8th over - 0 runs, 0 hits, 0 errors, 0 left on base; Frisco 8 - Erie 1 |
| TOP OF THE 9TH |
|
Frisco RoughRiders batting - Pitching for Erie SeaWolves : RHP Rick Young
|
|
Pitching: RHP Kyle Moore
|
|
|
Batting: RHB Luis Arce
|
0-0: Ball 1-0: Foul Ball, location: 2F 1-1: Fly out, F8 (Flyball, 8RD, EV 105.0 MPH)
|
|
Pinch Hitting: RHB Josh Whitmore
|
0-0: Called Strike 0-1: Ball 1-1: Called Strike 1-2: Foul Ball, location: 2F 1-2: Foul Ball, location: 2F 1-2: Ball 2-2: Strikes out swinging
|
|
Batting: LHB Jody Hudson
|
0-0: Ball 1-0: Swinging Strike 1-1: Swinging Strike 1-2: Ball 2-2: Foul Ball, location: 2F 2-2: Ball 3-2: Base on Balls
|
|
Batting: RHB Chance Lamb
|
0-0: Called Strike Jody Hudson steals 2nd base 0-1: Foul Ball, location: 2F 0-2: Ball 1-2: Strikes out swinging
|
| Top of the 9th over - 0 runs, 0 hits, 0 errors, 1 left on base; Frisco 8 - Erie 1 |
| BOTTOM OF THE 9TH |
|
Erie SeaWolves batting - Pitching for Frisco RoughRiders : RHP Prince Gibson
|
|
Now at 2B: Josh Whitmore
|
|
|
Batting: RHB Joel Miller
|
0-0: SINGLE (Line Drive, 8RS, EV 93.1 MPH)
|
|
Batting: RHB German Quiroga
|
0-0: Ball 1-0: Ball 2-0: Ball 3-0: Called Strike 3-1: Called Strike 3-2: Foul Ball, location: 2F 3-2: SINGLE (Groundball, 34D, EV 95.0 MPH) Joel Miller to second
|
|
Batting: LHB George Moran
|
0-0: Called Strike 0-1: Ball Wild Pitch! Joel Miller to third German Quiroga to second 1-1: Ground out U3 (Groundball, 3L, EV 80.0 MPH)
|
|
Pitching: RHP Tom Jensen
|
|
|
Batting: LHB Antonio Luis
|
0-0: Foul Ball, location: 2F 0-1: Foul Ball, location: 2F 0-2: Foul Ball, location: 2F 0-2: SINGLE (Groundball, 3S, EV 63.1 MPH) (infield hit) Joel Miller scores German Quiroga to third
|
|
Pinch Hitting: LHB Jamie Christian
|
0-0: Ball 1-0: Foul Ball, location: 2F 1-1: Foul Ball, location: 2F 1-2: Fly out, F8 (Flyball, 8RXD, EV 92.5 MPH) Runner from 3rd tags up, SCORES, no throw by CF
|
|
Batting: LHB Nick Nino
|
0-0: Swinging Strike 0-1: Called Strike 0-2: Fly out, F4 (Popup, 4, EV 72.5 MPH)
|
| Bottom of the 9th over - 2 runs, 3 hits, 0 errors, 1 left on base; Frisco 8 - Erie 3 |
|